 Dungeon Crawl Stone Soup version 0.17-a0-1741-gd5e8965 (webtiles) character file.

354 TruthSerum the Cudgeler (level 6, -4/67 HPs)
             Began as an Ogre Berserker on Aug 31, 2015.
             Was a Priest of Trog.
             Slain by an ogre
             ... wielding a +0 giant club
              (7 damage)
             ... on level 4 of the Dungeon.
             The game lasted 00:13:03 (2708 turns).

TruthSerum the Cudgeler (Ogre Berserker)            Turns: 2708, Time: 00:13:03

Health: -4/67      AC:  3    Str: 23    XL:     6   Next: 62%
Magic:  6/6        EV: 10    Int:  8    God:    Trog [***...]
Gold:   197        SH:  0    Dex:  9    Spells: 0 memorised, 5 levels left

rFire  . . .     SeeInvis .     a - +0 flail
rCold  . . .     Clarity  .     b - +0 animal skin
rNeg   . . .     SustAt   .     (no shield)
rPois  .         Gourm    .     (helmet restricted)
rElec  .         Spirit   .     (no cloak)
rCorr  .         Warding  .     (gloves unavailable)
rMut   .         Stasis   .     (boots unavailable)
MR     .....                    (no amulet)
Stlth  +.........               (no ring)
                                A - ring of wizardry

@: not resistant to hostile enchantments, very unstealthy
A: unfitting armour, tough skin 1
a: Burn Spellbooks, Berserk, Trog's Hand, Renounce Religion


You were on level 4 of the Dungeon.
You worshipped Trog.
Trog was most pleased with you.
You were not hungry.

You visited 1 branch of the dungeon, and saw 4 of its levels.
You also visited: Sewer.

You collected 197 gold pieces.

Inventory:

Hand weapons
 a - a +0 flail (weapon)
Missiles
 n - 130 stones (quivered)
Armour
 b - a +0 animal skin (worn)
Jewellery
 g - an uncursed amulet of stasis
 m - an uncursed amulet of warding
 A - a ring of wizardry (left hand)
Magical devices
 y - a wand of slowing (37)
Scrolls
 j - 2 scrolls of random uselessness {unknown}
 l - a scroll of enchant weapon
 q - a scroll of teleportation {unknown}
 r - a scroll of remove curse {unknown}
 s - a scroll of fear {unknown}
 z - a scroll of recharging {unknown}
 B - a scroll of fog {unknown}
Potions
 d - a potion of ambrosia
 e - a potion of lignification
 h - 2 potions of cure mutation
 i - 3 potions of curing
 k - a potion of magic
 p - 4 potions of heal wounds {unknown}
 t - 2 potions of haste {unknown}
 w - a potion of resistance {unknown}
 x - 3 potions of flight {unknown}
 C - a potion of brilliance {unknown}
Comestibles
 c - 3 bread rations
 f - a royal jelly
 o - 2 meat rations


   Skills:
 + Level 6.0 Fighting
 * Level 6.5 Maces & Flails
 + Level 3.0 Throwing
 + Level 3.4 Dodging


You had 5 spell levels left.
You didn't know any spells.

Dungeon Overview and Level Annotations

Branches:
Dungeon (4/15)
 Temple: D:4-7

Altars:


Innate Abilities, Weirdness & Mutations

You are too large for most types of armour.
You have tough skin (AC +1).


Message History

The ogre hits you with a giant club.
* * * LOW HITPOINT WARNING * * *
An ogre comes into view. It is wielding a giant club.
You barely miss the ogre.
The ogre is lightly wounded.
The ogre shouts!
You hit the ogre.
The ogre is moderately wounded.
The ogre closely misses you.
You hit the ogre.
The ogre is heavily wounded.
The ogre hits you with a giant club!
* * * LOW HITPOINT WARNING * * *
You completely miss the ogre.
The ogre is heavily wounded.
The ogre closely misses you.
You barely miss the ogre.
The ogre is heavily wounded.
The ogre hits you with a giant club!
You die...

... #.. #.# .# #.# #.#
... #.# #O# #.# #O#
#.# ##@## #.# ##...##
####.## ##.....##
#.....####.......###.#
#.##.................#
#<##...###.......#####
#.##...####.....##
#.........##...##
#.............##


You could see 2 ogres.

Vanquished Creatures
  The ghost of dracfodder the Sneak, an average OpAs (D:3)
  A big kobold (Sewer)
  2 river rats
  3 adders
  4 gnolls (D:2)
  A worm (D:3)
  2 giant geckos
  An orc (D:3)
  4 ball pythons
  9 bats
  6 goblins
  7 hobgoblins
  4 quokkas
  5 giant cockroaches
  3 giant newts
  A jackal (Sewer)
  10 kobolds
  27 rats
  2 bushes (D:1)
93 creatures vanquished.

Notes
Turn   | Place    | Note
--------------------------------------------------------------
     0 | D:1      | TruthSerum the Ogre Berserker began the quest for the Orb.
     0 | D:1      | Reached XP level 1. HP: 24/24 MP: 1/1
    41 | D:1      | Reached XP level 2. HP: 26/33 MP: 2/2
   254 | D:1      | Reached skill level 1 in Throwing
   268 | D:1      | Acquired Trog's second power
   408 | D:1      | Reached XP level 3. HP: 37/40 MP: 3/3
  1044 | D:2      | Reached skill level 5 in Fighting
  1187 | D:2      | Reached XP level 4. HP: 50/50 MP: 4/4
  1194 | D:2      | Reached skill level 5 in Maces & Flails
  1610 | D:3      | Reached XP level 5. HP: 49/57 MP: 5/5
  1817 | D:3      | Found a glowing drain.
  1841 | Sewer    | Entered a sewer
  1960 | Sewer    | Reached skill level 6 in Maces & Flails
  1960 | Sewer    | Reached XP level 6. HP: 22/67 MP: 6/6
  2164 | Sewer    | Found a glowing silver altar of Zin.
  2501 | D:3      | Noticed dracfodder's ghost (average OpAs)
  2513 | D:3      | Killed dracfodder's ghost
  2706 | D:4      | HP: 3/67 [ogre/giant club (12)]
  2708 | D:4      | Slain by an ogre

Vault maps used:
D:1:      erik_arrival_orb_chamber, serial_forest,
          infiniplex_forest_lined_room_2, infiniplex_forest_end_2,
          infiniplex_forest_lined_room_2, infiniplex_forest_lined_2,
          infiniplex_forest_straight_3, infiniplex_forest_lined_room_2,
          infiniplex_forest_clump_large, st_stairs_12
D:3:      portal_sewer_entry_e
D:4:      minmay_temple_entry_junction, serial_undead, serial_undead_a,
          serial_undead_b, serial_undead_b, serial_undead_c, serial_undead_d,
          serial_undead_b, serial_undead_a, serial_shops, shop_statue
Sewer:    sewer_kobolds

Action                   |  1- 3 |  4- 6 || total
-------------------------+-------+-------++-------
Melee: Mace              |   261 |     5 ||   266
       Flail             |       |   147 ||   147
Invok: Berserk           |     1 |     1 ||     2
  Use: Scroll            |     1 |     8 ||     9
  Eat: Chunk             |     2 |     7 ||     9
